 Dungeon Crawl Stone Soup version 0.20.0-15-g7f486f2 (webtiles) character file.

140 Omegatherion the Cudgeler (level 5, -1/32 HPs)
             Began as a Gargoyle Fighter on June 22, 2017.
             Slain by an orc wizard
             ... wielding a +0 dagger
              (3 damage)
             ... on level 3 of the Dungeon.
             The game lasted 00:05:01 (2175 turns).

Omegatherion the Cudgeler (Gargoyle Fighter)        Turns: 2175, Time: 00:05:02

Health: -1/32      AC: 16    Str: 24    XL:     5   Next: 23%
Magic:  5/6        EV:  7    Int: 14    God:
Gold:   76         SH:  9    Dex: 10    Spells: 6/6 levels left

rFire    . . .     SeeInvis .   a - +0 flail
rCold    . . .     Gourm    .   c - +0 shield
rNeg     + . .     Faith    .   b - +0 scale mail
rPois    ∞         Spirit   .   (no helmet)
rElec    +         Reflect  .   (no cloak)
rCorr    .         Harm     .   j - +0 pair of gloves
MR       .....                  (no boots)
Stlth    ..........             (no amulet)
Regen    0.1/turn               e - +4 ring of protection
MPRegen  0.1/turn               (no ring)

@: mighty, brilliant, slowed, very slow
A: negative energy resistance 1, electricity resistance, unbreathing,
petrification resistance, rot immunity, AC +4
a: no special abilities


You were on level 3 of the Dungeon.
You were hungry.

You visited 1 branch of the dungeon, and saw 3 of its levels.

You collected 76 gold pieces.

Inventory:

Hand Weapons
 a - a +0 flail (weapon)
Armour
 b - a +0 scale mail (worn)
 c - a +0 shield (worn)
 j - a +0 pair of gloves (worn)
Jewellery
 e - a +4 ring of protection (left hand)
Scrolls
 k - 2 scrolls of remove curse {unknown}
 l - a scroll of identify {unknown}
 m - a scroll of enchant armour {unknown}
 n - a scroll of enchant weapon {unknown}
Books
 o - a book of Cantrips

   Spells                             Type                      Level
   a - Confusing Touch                Hexes                        1
   b - Animate Skeleton               Necromancy                   1
   c - Summon Small Mammal            Summoning                    1
   d - Apportation                    Translocation                1
Comestibles
 f - 4 bread rations
 g - 6 fruits
 h - a meat ration


   Skills:
 - Level 3.2 Fighting
 + Level 5.0 Maces & Flails
 - Level 3.2 Armour
 - Level 3.2 Shields
 + Level 1.0 Spellcasting


You had 6 spell levels left.
You didn't know any spells.

Dungeon Overview and Level Annotations

Branches:
Dungeon (3/15)

Altars:
Dithmenos


Innate Abilities, Weirdness & Mutations

You are resistant to torment.
Your stone body is resilient. (AC +4)
You are immune to poison.
You resist negative energy. (rN+)
You are resistant to electric shocks. (rElec)
You can survive without breathing.
You are immune to petrification.
You are immune to rotting.


Message History

The orc wizard mumbles some strange words.
The orc wizard blinks!
The orc wizard hits you but does no damage.
The orc wizard points at you and mumbles some strange words.
The magic dart hits you!
* * * LOW HITPOINT WARNING * * *
It was a potion of brilliance.
You feel clever all of a sudden.
The orc wizard miscasts a cantrip.
The orc wizard hits you but does no damage.
You feel very mighty all of a sudden. The hobgoblin closely misses you.
The orc wizard casts a spell at you.
You feel as though you will be slow longer.
You closely miss the orc wizard.
The orc wizard is severely wounded.
The hobgoblin hits you but does no damage.
The orc wizard hits you but does no damage.
You block the hobgoblin's attack. The orc wizard hits you with a dagger.
You die...

#..#..# #..#.#
.##...[.##.....###
.........).......
#.........# ..###
#..._...####....
#........†##..#
........ooo...#
.##.....##og.##
#..#..###@.#######
#..###..
#....†...# ....
#.....#.####.# ###
..#####.# #.# # ..
#.####.##### #.
#.##.......# ##.
#.##.#.###.###..
#......# #.##...
####.### #.###..


You could see 3 orc wizards, an orc and a hobgoblin.

Vanquished Creatures
  An orc priest (D:3)
  An adder (D:3)
  2 oozes
  An adder zombie (D:1)
  2 worms
  A dart slug (D:1)
  3 leopard geckos
  An orc (D:3)
  A ball python (D:1)
  9 goblins
  12 hobgoblins
  14 jackals
  4 kobolds
  A quokka (D:3)
  6 bats
  2 frilled lizards
  A leopard gecko zombie (D:1)
  10 rats
72 creatures vanquished.

Notes
Turn   | Place    | Note
-------+----------+-------------------------------------------
     0 | D:1      | Omegatherion the Gargoyle Fighter began the quest for the Orb.
     0 | D:1      | Reached XP level 1. HP: 14/14 MP: 1/1
    67 | D:1      | Reached XP level 2. HP: 17/19 MP: 2/2
   105 | D:1      | Reached skill level 3 in Maces & Flails
   186 | D:1      | Reached XP level 3. HP: 18/23 MP: 3/3
   669 | D:1      | Reached skill level 4 in Maces & Flails
  1423 | D:2      | Reached XP level 4. HP: 22/28 MP: 4/4
  1945 | D:2      | Found a faded altar of an unknown god.
  2139 | D:3      | Found a shadowy altar of Dithmenos.
  2163 | D:3      | Reached skill level 5 in Maces & Flails
  2163 | D:3      | Reached skill level 1 in Spellcasting
  2163 | D:3      | Reached XP level 5. HP: 18/32 MP: 4/6
  2172 | D:3      | HP: 1/32 [orc wizard/magic dart (5)]
  2175 | D:3      | Slain by an orc wizard

Skill      XL: |  1  2  3  4 |
---------------+-------------+-----
Maces & Flails | 3 4 5 |  5.0
Spellcasting   | 1 |  1.0
Fighting       | |  3.2
Armour         | |  3.2
Shields        | |  3.2

Action                   |  1- 3 |  4- 6 || total
-------------------------+-------+-------++-------
Melee: Flail             |   153 |   112 ||   265
  Use: Potion            |       |     2 ||     2
  Eat: Chunk             |     1 |     3 ||     4
Armor: Scale mail        |   115 |    77 ||   192
Dodge: Dodged            |    68 |    35 ||   103
Block: Shield            |   113 |    79 ||   192
